 Dungeon Crawl Stone Soup version 0.24.0-10-g970556be89 (webtiles) character file.

Game seed: 5630117220154660300, levelgen mode: deterministic

25 flestrin the Conjurer (level 2, -1/20 HPs)
             Began as a Demigod Conjurer on Nov 3, 2019.
             Succumbed to goblin's curare-tipped dart
             ... on level 1 of the Dungeon.
             The game lasted 00:03:32 (944 turns).

flestrin the Conjurer (Demigod Conjurer)             Turns: 944, Time: 00:03:33

Health: -1/20      AC:  2    Str: 11    XL:     2   Next: 66%
Magic:  1/7        EV: 12    Int: 19    God:
Gold:   21         SH:  0    Dex: 16    Spells: 1/4 levels left

rFire    . . .     SeeInvis .   d - +0 dagger
rCold    . . .     Gourm    .   (no shield)
rNeg     . . .     Faith    .   a - +0 robe
rPois    .         Spirit   .   (no helmet)
rElec    .         Reflect  .   (no cloak)
rCorr    .         Harm     .   (no gloves)
MR       +....                  (no boots)
Stlth    ++........             (no amulet)
HPRegen  0.06/turn              b - ring of protection from magic
MPRegen  0.10/turn              (no ring)

@: lethally poisoned (-1 -> -27), very slightly contaminated, slowed, very slow
A: high mp 1
a: no special abilities


You were on level 1 of the Dungeon.
You were hungry.

You visited 1 branch of the dungeon, and saw 1 of its levels.

You collected 21 gold pieces.

Inventory:

Hand Weapons
 d - a +0 dagger (weapon)
Armour
 a - a +0 robe (worn)
Jewellery
 b - a ring of protection from magic (left hand)
Scrolls
 h - a scroll of teleportation {unknown}
 i - a scroll of remove curse {unknown}
Potions
 e - a potion of agility {unknown}
 g - a potion of haste {unknown}
Comestibles
 c - 3 rations


   Skills:
 - Level 1.7 Dodging
 - Level 1.7 Stealth
 - Level 1.7 Spellcasting
 + Level 4.5 Conjurations


You had one spell level left.
You knew the following spells:

 Your Spells              Type           Power        Failure   Level  Hunger
a - Magic Dart            Conj           ###.         2%          1    #......
b - Searing Ray           Conj           ###...       4%          2    ###....

Your spell library contained the following spells:

 Spells                   Type           Power        Failure   Level  Hunger
 Dazzling Spray           Conj/Hex       ##....       21%         3    ###....
 Iskenderun's Mystic Bla  Conj           ###.....     26%         4    #####..
 Force Lance              Conj/Tloc      ##......     56%         4    #####..
 Fulminant Prism          Conj/Hex       ##........   56%         4    #####..


Dungeon Overview and Level Annotations

Branches:
Dungeon (1/15)


Innate Abilities, Weirdness & Mutations

You have an increased reservoir of magic. (+10% MP)


Message History

You miscast Magic Dart.
You are very lightly contaminated with residual magic.
You feel a strange surge of energy!
You feel very sick.
The goblin throws a curare-tipped dart.
The curare-tipped dart hits you.
You are more poisoned.
You have difficulty breathing.
* * * LOW HITPOINT WARNING * * *
You feel as though you will be slow longer.
No previous command to re-do.
Casting: Magic Dart (safe; 2% risk of failure)
Confirm with . or Enter, or press ? or * to list all spells.
Aiming: Magic Dart (safe; 2% risk of failure)
Press: ? - help, Shift-Dir - straight line, f/p - goblin
Aim: a goblin (moderately wounded)
The magic dart hits the goblin.
You kill the goblin!
* * * LOW HITPOINT WARNING * * *
You feel very sick.
You die...

############# #
............#######
##..######.#.#.#.#.#.#
.....[....#.#.#.#.#.##
#..###@##.#.#.#.#.#.#
#(#.#.#.#.#.#.##
#.##.#.#.#.#.#.#
g...(.†.#.#.#.#.#.#.##
......####.#.#.#.#.#.#
...... #.#.#.#.#.#.##
...!. .#.#.#.#.#.#.#
..... #.#.#.#.####
.... .#.#.#.#...#


There were no monsters in sight!

Vanquished Creatures
  2 dart slugs (D:1)
  3 bats (D:1)
  4 goblins (D:1)
  3 hobgoblins (D:1)
  4 jackals (D:1)
  A ball python (D:1)
  A kobold (D:1)
  A rat (D:1)
19 creatures vanquished.

Notes
Turn   | Place    | Note
-------+----------+-------------------------------------------
     0 | D:1      | flestrin the Demigod Conjurer began the quest for the Orb.
     0 | D:1      | Reached XP level 1. HP: 14/14 MP: 5/5
   399 | D:1      | Reached skill level 4 in Conjurations
   466 | D:1      | Reached XP level 2. HP: 20/20 MP: 4/7
   726 | D:1      | Learned a level 2 spell: Searing Ray
   944 | D:1      | Succumbed to goblin's curare-tipped dart

Levels and vault maps discovered:
D:1:      saegor_arrival_simple_c, layout_basic, minivault_23

Skill      XL: |  1 |
---------------+----+-----
Conjurations   | 4 |  4.5
Dodging        | |  1.7
Stealth        | |  1.7
Spellcasting   | |  1.7

Action                   || total
-------------------------++-------
Melee: Unarmed           ||     9
       Dagger            ||     3
 Cast: Magic Dart        ||    38
       Searing Ray       ||     1
Armor: Robe              ||     7
Dodge: Dodged            ||    19
